[Event "WYCC 2018 G18"]
[Site "Halkidiki"]
[Date "2018.10.21"]
[Round "2"]
[White "Gajcin, Marina"]
[Black "Prakapuk, Vera"]
[Result "0-1"]
[ECO "B10"]
[WhiteElo "2153"]
[BlackElo "1949"]
[Annotator "ChessBase"]
[PlyCount "94"]
[EventDate "2018.10.20"]
[EventType "swiss"]
[EventCountry "GRE"]
[SourceTitle "playchess.com"]
[Source "ChessBase"]
[SourceQuality "1"]
[TimeControl "40/5400+30:1800+30"]

1. e4 c6 2. Nc3 d5 3. Nf3 g6 4. d4 Nf6 5. Bd3 Bg4 6. e5 Nfd7 7. h3 Bxf3 8. Qxf3 Bg7 9. Ne2 O-O 10. c3 c5 11. O-O cxd4 12. cxd4 Nc6 13. Bd2 e6 14. Rae1 f6 15. exf6 Bxf6 16. Qg4 e5 17. Bf5 Nb6 18. Bh6 Re8 19. Bb1 Kh8 20. dxe5 Nxe5 21. Qf4 Nbc4 22. b3 Na3 23. Nd4 Nxb1 24. Rxb1 Nf7 25. Rbe1 Rxe1 26. Rxe1 Nxh6 27. Ne6 g5 28. Nxd8 gxf4 29. Re8+ Kg7 30. Ne6+ Kf7 31. Rxa8 Kxe6 32. Rxa7 d4 33. Rxb7 Nf5 34. Rb6+ Nd6 35. Kf1 d3 36. Rc6 Kd5 37. Rc1 Ne4 38. f3 Nc3 39. Ke1 Kd4 40. Kd2 Be7 41. Ra1 Bb4 42. a3 Ne4+ 43. Kd1 Nf2+ 44. Kc1 Kc3 45. Ra2 Bxa3+ 46. Kb1 d2 47. Rc2+ Kd3 0-1

[Event "WYCC 2018 G18"]
[Site "Halkidiki"]
[Date "2018.10.21"]
[Round "2"]
[White "Arpita, Mukherjee"]
[Black "Yurdakul, Didem Nuray"]
[Result "1-0"]
[ECO "B50"]
[WhiteElo "2147"]
[BlackElo "1604"]
[Annotator "NA"]
[PlyCount "53"]
[EventDate "2018.10.20"]
[EventType "swiss"]
[EventCountry "GRE"]
[SourceTitle "playchess.com"]
[Source "ChessBase"]
[SourceQuality "1"]
[TimeControl "40/5400+30:1800+30"]

1. e4 c5 2. Nf3 d6 3. c3 Nf6 4. Be2 g6 5. O-O Bg7 6. Bb5+ Bd7 7. Bxd7+ Nbxd7 8. Re1 O-O 9. d4 cxd4 10. cxd4 Rc8 11. Nc3 a6 12. a4 Nb8 13. Qb3 b6 14. e5 Ng4 $18 15. h3 Nh6 16. Nd5 dxe5 17. dxe5 Nd7 18. Bg5 Re8 19. Rad1 Kh8 20. Qb4 Ng8 21. e6 fxe6 22. Nf4 a5 23. Nxg6+ hxg6 24. Qh4+ Nh6 25. Bxh6 Rc5 26. Bxg7+ Kxg7 27. Qd4+ 1-0

[Event "WYCC 2018 G18"]
[Site "Halkidiki"]
[Date "2018.10.21"]
[Round "2"]
[White "Tejaswini, Sagar"]
[Black "Horn, Caro"]
[Result "1-0"]
[ECO "C06"]
[WhiteElo "2139"]
[BlackElo "1133"]
[Annotator "NA"]
[PlyCount "95"]
[EventDate "2018.10.20"]
[EventType "swiss"]
[EventCountry "GRE"]
[SourceTitle "playchess.com"]
[Source "ChessBase"]
[SourceQuality "1"]
[TimeControl "40/5400+30:1800+30"]

1. e4 e6 2. d4 d5 3. Nd2 Nf6 4. e5 Nfd7 5. Bd3 c5 6. c3 Nc6 7. Ne2 cxd4 8. cxd4 f6 9. exf6 Nxf6 10. Nf3 Bd6 11. O-O O-O {[%emt 0:05:56] LiveBook: 1235 Partien} 12. Bf4 Bxf4 13. Nxf4 Qc7 14. g3 Bd7 15. Rc1 Qb6 {[%emt 0:03:15] C06: Französische Verteidigung (Tarrasch-Variante)} 16. b3 Rac8 (16... Rae8 17. Re1 Nxd4 18. Nxd4 e5 19. Nxd5 Nxd5 20. Bc4 exd4 21. Bxd5+ Kh8 22. Rxe8 Rxe8 {½-½ (42) Tishin,P (2406)-Pourramezanali,A (2463) Dubna 2015}) 17. Bb1 Rfe8 $146 ({Vorgänger:} 17... Rce8 18. Re1 Nxd4 19. Qxd4 Qxd4 20. Nxd4 e5 21. Nde2 exf4 22. Nxf4 g5 23. Nd3 Ne4 24. Rc7 Bh3 25. Nb4 Nd2 26. Bxh7+ Kh8 27. Rec1 Re2 28. Nd3 Rfxf2 {0-1 (28) Polakovic,P-Sykora,J Czechoslovakia 1989}) 18. Re1 Qa5 ({Black should try} 18... Nxd4 $1 $14 19. Qxd4 Qxd4 20. Nxd4 Rxc1 21. Rxc1 e5) 19. Nd3 Nb4 20. Qd2 b6 21. Qxb4 Qa6 22. Nfe5 Qb7 23. Rxc8 Bxc8 24. Rc1 a5 25. Qc3 Ne4 26. Qc6 Kf8 27. Qxb7 Bxb7 28. Nd7+ Kg8 29. Nxb6 Nd2 30. Ne5 Nxb1 31. Rxb1 $18 h6 32. Rc1 Rb8 33. Ned7 Rd8 34. Rc7 Ba6 35. Nc5 Bb5 36. a4 Rd6 37. Nc8 Rd8 38. axb5 Kh7 39. b6 e5 40. b7 exd4 41. b8=Q d3 42. Nxd3 d4 43. Qb7 Rg8 44. Ne7 Rf8 45. Nf5 Kg6 46. g4 a4 47. Rxg7+ Kf6 48. Qe7# 1-0

[Event "WYCC 2018 G18"]
[Site "Halkidiki"]
[Date "2018.10.21"]
[Round "2"]
[White "Janiashvili, Mariami"]
[Black "Martynkova, Olena"]
[Result "1/2-1/2"]
[ECO "E73"]
[WhiteElo "2081"]
[BlackElo "2188"]
[Annotator "ChessBase"]
[PlyCount "284"]
[EventDate "2018.10.20"]
[EventType "swiss"]
[EventCountry "GRE"]
[SourceTitle "playchess.com"]
[Source "ChessBase"]
[SourceQuality "1"]
[TimeControl "40/5400+30:1800+30"]

1. d4 Nf6 2. c4 g6 3. Nc3 Bg7 4. e4 d6 5. Be2 O-O 6. Bg5 Na6 7. Qd2 c6 8. Rd1 Nc7 9. Bf3 Qe8 10. Nge2 e5 11. dxe5 dxe5 12. O-O Ne6 13. Be3 b6 14. Qd6 Ba6 15. b3 c5 16. Qd2 Nd4 17. Bg5 Bb7 18. Bxf6 Bxf6 19. Nd5 Bxd5 20. cxd5 Qe7 21. Qd3 Bg5 22. Bg4 Bh6 23. Qh3 Qg5 24. Nxd4 cxd4 25. f4 exf4 26. Rxd4 Bg7 27. Rc4 b5 28. Rc6 Qe5 29. Qd3 f5 30. exf5 gxf5 31. Bf3 Qe3+ 32. Qxe3 fxe3 33. Be2 a6 34. g3 b4 35. Kg2 a5 36. Bc4 Kh8 37. Kf3 Rae8 38. Ke2 Re5 39. Re6 Rxe6 40. dxe6 Bh6 41. Bb5 Bg5 42. h4 Be7 43. Kxe3 Kg7 44. Bd3 Kg6 45. g4 Bxh4 46. Bxf5+ Kg7 47. Ke4 h6 48. Rc1 Be7 49. Rc7 Kf6 50. Ra7 Rh8 51. Kf4 Bd6+ 52. Kf3 Be7 53. Ke4 Rg8 54. Rxa5 Rg5 55. Ra8 h5 56. Rh8 hxg4 57. Rh6+ Kg7 58. Rh7+ Kf8 59. Rf7+ Ke8 60. Rh7 g3 61. Rh8+ Bf8 62. Bh3 g2 63. Bxg2 Rxg2 64. Kd5 Rxa2 65. Rh7 Rc2 66. Rb7 Rc5+ 67. Kd4 Rc6 68. Rb8+ Ke7 69. Rxb4 Kxe6 70. Rb7 Bc5+ 71. Ke4 Kd6 72. Rh7 Rc8 73. Rh6+ Ke7 74. Kd5 Bb4 75. Rb6 Ba5 76. Ra6 Bc7 77. Ra7 Kd7 78. Ra6 Rb8 79. Kc4 Bb6 80. Kd5 Kc7 81. Ra2 Rd8+ 82. Kc4 Kc6 83. Rg2 Rd4+ 84. Kc3 Kb5 85. Rg5+ Bc5 86. Rg8 Rf4 87. Rb8+ Bb6 88. Rc8 Rf3+ 89. Kc2 Rf2+ 90. Kd3 Kb4 91. Ke4 Kxb3 92. Rb8 Rf6 93. Rg8 Kc4 94. Rc8+ Bc5 95. Rb8 Re6+ 96. Kf5 Kd5 97. Rd8+ Bd6 98. Ra8 Re1 99. Ra5+ Bc5 100. Ra4 Re5+ 101. Kf4 Rh5 102. Ra8 Rh4+ 103. Kf5 Rh5+ 104. Kf4 Rh1 105. Re8 Rf1+ 106. Kg4 Bd4 107. Re2 Be5 108. Ra2 Ke4 109. Re2+ Kd4 110. Kg5 Kd5 111. Ra2 Bc3 112. Re2 Bd4 113. Kg4 Rg1+ 114. Kf5 Rg3 115. Re1 Rf3+ 116. Kg4 Rf2 117. Kg3 Rf7 118. Kg4 Be5 119. Rb1 Ke6 120. Rb6+ Bd6 121. Rb5 Rf4+ 122. Kg5 Rf1 123. Kg4 Rg1+ 124. Kf3 Be5 125. Rb7 Kf5 126. Rf7+ Bf6 127. Rb7 Rf1+ 128. Ke3 Bg5+ 129. Kd3 Rd1+ 130. Kc4 Ke4 131. Rb3 Be3 132. Rc3 Rd4+ 133. Kb5 Rd5+ 134. Kc6 Rd8 135. Rb3 Bd4 136. Rh3 Rc8+ 137. Kd7 Rg8 138. Kc6 Rg6+ 139. Kb5 Rb6+ 140. Kc4 Rc6+ 141. Kb5 Rc5+ 142. Kb4 Ke5 1/2-1/2

[Event "WYCC 2018 G18"]
[Site "Halkidiki"]
[Date "2018.10.21"]
[Round "2"]
[White "Avetisyan, Mariam"]
[Black "Obolentseva, Alexandra"]
[Result "1/2-1/2"]
[ECO "A56"]
[WhiteElo "2049"]
[BlackElo "2298"]
[Annotator "NA"]
[PlyCount "61"]
[EventDate "2018.10.20"]
[EventType "swiss"]
[EventCountry "GRE"]
[SourceTitle "playchess.com"]
[Source "ChessBase"]
[SourceQuality "1"]
[TimeControl "40/5400+30:1800+30"]

1. d4 Nf6 2. c4 c5 3. Nf3 cxd4 4. Nxd4 a6 5. Nc3 d5 6. e3 e5 {[%emt 0:00:29] A31: Symmetrical English: 2 Nf3 Nf6 3 d4} 7. Nf3 e4 8. Nd4 dxc4 9. Bxc4 Bc5 $146 ({Predecessor:} 9... Be7 10. Qc2 b5 11. Be2 Bb7 12. Nf5 O-O 13. O-O Qd7 14. Nxe7+ Qxe7 {0-1 (30) Nikolov,M (2543)-Antal,G (2546) Porto Rio 2015}) 10. O-O O-O 11. Nce2 Nbd7 12. Ng3 b5 13. Be2 Bb7 14. b3 Qb6 15. Bb2 Rfd8 16. a4 bxa4 17. Rxa4 Ne5 {[%emt 0:03:26] [#]} 18. Qa1 $1 Nfd7 19. Ndf5 Re8 (19... f6 $16 {was worth a try.}) 20. Rd1 ({Much less strong is} 20. Nxe4 $6 Qg6 $16) 20... f6 21. Nh5 Bf8 22. Rad4 Nc5 {[%emt 0:08:38] [#]} (22... Bc6 $16 {was necessary.}) 23. Rd6 $1 Qc7 24. Rxf6 gxf6 25. Nxf6+ Kh8 26. Nxe8 (26. Rc1 $142) 26... Rxe8 {[%emt 0:00:06] [#]} 27. Bh5 $2 (27. Rd8 $3 $18 Qxd8 28. Bxe5+ Kg8 29. Bg7) 27... Re6 28. Nd4 Re7 (28... Rd6 $1 $11 {keeps the balance.}) 29. Nf5 Re6 30. Nd4 Re7 31. Nf5 1/2-1/2

[Event "WYCC 2018 G18"]
[Site "Halkidiki"]
[Date "2018.10.21"]
[Round "2"]
[White "Tarini Goyal"]
[Black "Sliwicka, Alicja"]
[Result "1/2-1/2"]
[ECO "D76"]
[WhiteElo "2026"]
[BlackElo "2264"]
[Annotator "ChessBase"]
[PlyCount "85"]
[EventDate "2018.10.20"]
[EventType "swiss"]
[EventCountry "GRE"]
[SourceTitle "playchess.com"]
[Source "ChessBase"]
[SourceQuality "1"]
[TimeControl "40/5400+30:1800+30"]

1. d4 Nf6 2. c4 g6 3. Nf3 Bg7 4. g3 O-O 5. Bg2 d5 6. cxd5 Nxd5 7. O-O Nb6 8. Nc3 Nc6 9. e3 a5 10. d5 Nb4 11. e4 f5 12. Ng5 h6 13. a3 Na6 14. Ne6 Bxe6 15. dxe6 Qxd1 16. Rxd1 c6 17. exf5 gxf5 18. Bf1 Nc7 19. Be3 Nbd5 20. Nxd5 Nxd5 21. Bd4 Rad8 22. Bc4 Bxd4 23. Rxd4 Nb6 24. Rad1 Rxd4 25. Rxd4 Nxc4 26. Rxc4 Rd8 27. g4 Kg7 28. gxf5 Kf6 29. Rh4 Kg5 30. Rh3 a4 31. b3 Kxf5 32. bxa4 Kxe6 33. Rxh6+ Kd5 34. Kf1 Ra8 35. Rh7 Kd6 36. Rh4 c5 37. Ke2 e6 38. Rg4 Kd5 39. h4 c4 40. h5 Rxa4 41. Rg3 c3 42. Rxc3 Rh4 43. Rb3 1/2-1/2

[Event "WYCC 2018 G18"]
[Site "Halkidiki"]
[Date "2018.10.21"]
[Round "2"]
[White "Greibrokk, Ingrid"]
[Black "Kiolbasa, Oliwia"]
[Result "0-1"]
[ECO "A10"]
[WhiteElo "2018"]
[BlackElo "2254"]
[Annotator "NA"]
[PlyCount "68"]
[EventDate "2018.10.20"]
[EventType "swiss"]
[EventCountry "GRE"]
[SourceTitle "playchess.com"]
[Source "ChessBase"]
[SourceQuality "1"]
[TimeControl "40/5400+30:1800+30"]

1. c4 b6 2. Nf3 Bb7 3. d4 Nf6 4. Nc3 e6 5. g3 c5 {[%emt 0:02:12] E12: Queen's Indian: Unusual White 4th moves, 4 a3, 4 Nc3 Bb7 5 a3 and 4 Nc3 Bb7} (5... Bb4 6. Bg2 O-O 7. O-O Bxc3 8. bxc3 d6 9. d5 Nbd7 10. Bg5 exd5 11. cxd5 Bxd5 12. Re1 h6 13. Qxd5 Nxd5 14. Bxd8 Raxd8 15. Nd4 N7f6 16. e4 Ne7 17. Nb5 {½-½ (115) Li,C (2751)-Mamedyarov,S (2747) Huaian 2016}) 6. d5 exd5 7. cxd5 d6 8. Bg2 Na6 9. O-O Nc7 10. e4 Be7 11. Nh4 $146 ({Predecessor:} 11. Re1 O-O 12. b3 {½-½ (89) Krzesaj,R (2387)-Szwed,J (2202) Leba 2006}) 11... O-O 12. Nf5 b5 13. e5 Nfe8 14. Qg4 Bc8 15. Be4 Bxf5 16. Qxf5 g6 17. Qh3 b4 18. Ne2 dxe5 19. d6 Nxd6 20. Bxa8 Qxa8 21. Bh6 Rd8 22. Rad1 Nf5 23. Rxd8+ Qxd8 24. Bc1 Ne6 25. Qg2 Qd3 26. f4 e4 27. Kh1 Ned4 28. Ng1 Bf6 29. Re1 Nf3 30. Nxf3 exf3 $19 ({Weaker is} 30... Qxf3 31. Qxf3 exf3 32. Rf1 $14) 31. Qf1 Qd5 32. Rd1 Bd4 33. b3 Nxg3+ 34. hxg3 Qh5+ 0-1

[Event "WYCC 2018 G18"]
[Site "Halkidiki"]
[Date "2018.10.21"]
[Round "2"]
[White "Du, Yuxin"]
[Black "Hunt, Fikirte"]
[Result "1-0"]
[ECO "B53"]
[WhiteElo "2011"]
[BlackElo "1827"]
[Annotator "NA"]
[PlyCount "75"]
[EventDate "2018.10.20"]
[EventType "swiss"]
[EventCountry "GRE"]
[SourceTitle "playchess.com"]
[Source "ChessBase"]
[SourceQuality "1"]
[TimeControl "40/5400+30:1800+30"]

1. e4 c5 2. Nf3 d6 3. d4 cxd4 4. Qxd4 Nc6 5. Bb5 Bd7 6. Bxc6 Bxc6 7. Nc3 Nf6 8. Bg5 e6 9. O-O-O Be7 10. Qd3 a6 11. Nd4 Rc8 12. f4 Qa5 {[%emt 0:18:51] [#]} (12... O-O $11 {keeps the balance.}) 13. Kb1 $14 (13. Bxf6 $1 $16 gxf6 14. Kb1 (14. Nxc6 bxc6 15. Kb1 Rb8 $14)) 13... d5 14. Bxf6 Bxf6 15. e5 Be7 16. f5 Bd7 17. fxe6 Bxe6 18. Nxe6 fxe6 19. Rhf1 Qc7 20. Qh3 Qc6 21. Qf3 Kd7 22. Qg4 Kc7 23. Qxg7 Qd7 24. Rf7 Rcg8 25. Qh6 Kb8 26. Qh3 h5 27. Rxd5 Qc6 28. Rd1 Bb4 29. Rdd7 Bc5 30. Rxb7+ Ka8 31. a3 Rxg2 32. Rbc7 Rg1+ 33. Ka2 Qh1 34. Rxc5 Ra1+ 35. Kb3 Rb8+ 36. Ka4 Rxb2 37. Rc8+ Rb8 38. Qf3+ 1-0

[Event "WYCC 2018 G18"]
[Site "Halkidiki"]
[Date "2018.10.21"]
[Round "2"]
[White "Priyanka, Kumari"]
[Black "Stashis, Anna"]
[Result "1-0"]
[ECO "B33"]
[WhiteElo "2005"]
[BlackElo "1979"]
[Annotator "NA"]
[PlyCount "139"]
[EventDate "2018.10.20"]
[EventType "swiss"]
[EventCountry "GRE"]
[SourceTitle "playchess.com"]
[Source "ChessBase"]
[SourceQuality "1"]
[TimeControl "40/5400+30:1800+30"]

1. e4 c5 2. Nf3 Nc6 3. d4 cxd4 4. Nxd4 Nf6 5. Nc3 e5 6. Ndb5 d6 7. Bg5 a6 8. Na3 b5 9. Bxf6 gxf6 10. Nd5 f5 11. Bd3 Be6 12. O-O Bxd5 13. exd5 Ne7 14. Re1 {[%emt 0:00:36] B33: Sicilian: Pelikan and Sveshnikov Variations} Bg7 15. c3 Qd7 (15... O-O 16. Nc2 Re8 17. Qh5 e4 18. Bf1 Nxd5 19. Qxf5 Re5 20. Qh3 Qb6 21. Rad1 Rae8 22. Rxe4 Rxe4 23. Rxd5 {½-½ (41) Topalov,V (2749)-Mamedov,R (2704) Shamkir 2018}) 16. Nc2 O-O 17. Bf1 f4 18. g3 fxg3 $146 ({Predecessor:} 18... Ng6 19. Qe2 f5 20. Bh3 Qf7 21. Rad1 Qf6 22. Kh1 Rac8 {0-1 (47) Deak,B (1870)-Veres,I (2024) Hungary 2008}) 19. hxg3 Qf5 20. Qd3 Qg5 21. Ne3 f5 22. Bg2 f4 23. Nf1 Nf5 24. Be4 h5 25. Bxf5 Rxf5 26. Nd2 fxg3 27. fxg3 h4 28. Ne4 Qg4 29. Nf2 Qg5 30. Ne4 Qg4 31. Nf2 Qg5 32. Nh3 Qg4 33. Re4 Qf3 34. Qxf3 Rxf3 35. Rxh4 Rxg3+ 36. Kf2 Rg6 37. Rg1 Rf8+ 38. Ke2 Rff6 39. Rhg4 Rxg4 40. Rxg4 Rh6 41. Ng5 Rg6 42. Kf3 Bh6 43. Ne4 Rxg4 44. Kxg4 Bf8 45. Kf5 Kf7 46. Ng5+ Ke7 47. Ne6 Bh6 48. Nc7 Bc1 49. b3 Bb2 50. Nxa6 Bxc3 51. Nc7 b4 52. Ke4 Kd7 53. Nb5 Be1 54. Kd3 Bf2 55. a3 bxa3 56. Nxa3 Bc5 57. Nc4 Kc7 58. Nd2 Bb6 59. Kc4 Ba7 60. Kb5 Bd4 61. Ne4 Be3 62. b4 Bd4 $2 {[%emt 0:01:02] [#]} (62... Bh6 $11) 63. Ka6 $1 Bg1 64. b5 Be3 65. Nc3 Bb6 $11 66. Ne4 Bd4 67. Ng5 Bf2 68. Ne6+ Kb8 69. b6 Bh4 70. Nf8 1-0

[Event "WYCC 2018 G18"]
[Site "Halkidiki"]
[Date "2018.10.21"]
[Round "2"]
[White "Hamedi Nia, Vesal"]
[Black "Antolak, Julia"]
[Result "1/2-1/2"]
[ECO "D84"]
[WhiteElo "1987"]
[BlackElo "2240"]
[Annotator "NA"]
[PlyCount "64"]
[EventDate "2018.10.20"]
[EventType "swiss"]
[EventCountry "GRE"]
[SourceTitle "playchess.com"]
[Source "ChessBase"]
[SourceQuality "1"]
[TimeControl "40/5400+30:1800+30"]

1. d4 Nf6 2. c4 g6 3. Nc3 d5 4. Bf4 Bg7 5. e3 O-O 6. cxd5 Nxd5 7. Nxd5 Qxd5 8. Bxc7 Na6 9. Bxa6 Qxg2 10. Qf3 Qxf3 11. Nxf3 bxa6 12. Rc1 f6 {[%emt 0:07:28] D84: Grünfeld: 4 Bf4 Bg7 5 e3 0-0 6 cxd5} 13. Rg1 Rf7 14. Ke2 Bb7 15. b3 {[%emt 0:11:41] [#]} Raf8 $146 ({Predecessor:} 15... Bf8 16. Ba5 e6 17. Nd2 e5 18. dxe5 fxe5 19. f3 Ba3 20. Rc2 {1-0 (57) Batchuluun,T (2571)-Durarbayli,V (2633) Ulaanbaatar 2018}) 16. Rgd1 e5 17. d5 e4 18. Nd4 Bxd5 19. Rc5 Rd7 20. Ba5 Bb7 21. Ne6 Rff7 22. Nxg7 Kxg7 23. Rxd7 Rxd7 24. Rc7 Rxc7 25. Bxc7 Kf7 26. Bb8 $11 Ke6 27. Bxa7 Bc6 28. Kf1 Bb5+ 29. Kg2 Bd3 30. Bd4 Bb1 31. a3 Bc2 32. b4 Bb3 1/2-1/2

[Event "WYCC 2018 G18"]
[Site "Halkidiki"]
[Date "2018.10.21"]
[Round "2"]
[White "Manova, Ivana"]
[Black "Represa Perez, Mireya"]
[Result "0-1"]
[ECO "B23"]
[WhiteElo "1951"]
[BlackElo "2151"]
[Annotator "NA"]
[PlyCount "100"]
[EventDate "2018.10.20"]
[EventType "swiss"]
[EventCountry "GRE"]
[SourceTitle "playchess.com"]
[Source "ChessBase"]
[SourceQuality "1"]
[TimeControl "40/5400+30:1800+30"]

1. e4 c5 2. Nc3 a6 3. g3 b5 4. Bg2 Bb7 5. f4 e6 6. d3 d5 7. Qe2 {[%emt 0:02:08] B23: Closed Sicilian: Lines without g3} (7. exd5 exd5 8. Nf3 Nf6 9. O-O Be7 10. Nh4 Qd7 11. f5 h6 12. Bf4 Nc6 13. Qd2 O-O-O 14. a3 Rhe8 {0-1 (55) Andriasian,Z (2631)-Zhigalko,S (2664) Martuni 2013}) 7... Be7 8. Nf3 Nc6 9. O-O Nd4 10. Qf2 Rc8 $146 ({Predecessor:} 10... Nf6 11. exd5 Ng4 12. Qd2 {0-1 (29) Konik,M (2085)-Lisanti,A (2249) Heusenstamm 2017}) 11. Kh1 Nf6 12. exd5 Ng4 13. Qd2 exd5 14. Ne2 Nxf3 15. Bxf3 Nf6 16. b3 Qc7 17. Bb2 d4 18. Ng1 O-O 19. Qg2 Bxf3 20. Qxf3 Rfe8 21. Nh3 Bf8 22. Rfe1 Qa5 23. Re5 Bd6 24. Rf5 Re3 25. Qb7 Rce8 26. Rg1 Re2 27. Ng5 Ng4 28. Qxf7+ Kh8 29. Nf3 Nf2+ 30. Kg2 Nxd3+ 31. Kh3 Nxb2 32. Ne5 Qd8 33. Qh5 {[%emt 0:00:53] [#]} Bxe5 $1 34. Qxe2 Bf6 35. Qg4 d3 36. cxd3 Nxd3 37. Qf3 Qd7 38. Qd5 Qxd5 39. Rxd5 Bd4 40. Rg2 Nf2+ 41. Rxf2 Bxf2 42. Kg2 Be3 43. Rd6 Ra8 44. Kf3 Bc1 45. Ke4 h6 46. f5 Bb2 47. Kd5 $19 (47. Rc6 $142) 47... Rc8 48. Rxa6 c4 49. bxc4 bxc4 50. f6 gxf6 0-1

[Event "WYCC 2018 G18"]
[Site "Halkidiki"]
[Date "2018.10.21"]
[Round "2"]
[White "Sevilla, Julia"]
[Black "Mocanu, Valeria"]
[Result "1/2-1/2"]
[ECO "E01"]
[WhiteElo "1947"]
[BlackElo "1800"]
[Annotator "NA"]
[PlyCount "88"]
[EventDate "2018.10.20"]
[EventType "swiss"]
[EventCountry "GRE"]
[SourceTitle "playchess.com"]
[Source "ChessBase"]
[SourceQuality "1"]
[TimeControl "40/5400+30:1800+30"]

1. d4 d5 2. c4 e6 3. g3 Nf6 4. Bg2 Bb4+ 5. Bd2 Be7 6. Nf3 O-O 7. O-O b6 8. Qc2 {[%emt 0:01:55] E11: Damenindisch (Bogoljubow-Variante)} c5 9. cxd5 exd5 10. Nc3 Bb7 11. Rfd1 Na6 12. Bf4 Bd6 $146 ({Vorgänger:} 12... Qc8 13. Rac1 Rd8 14. a3 h6 15. Nh4 Qe6 16. Nf5 Bf8 17. g4 cxd4 18. Rxd4 Bc5 19. Qd3 Bxd4 20. Qxd4 Nc5 21. Rd1 Nb3 22. Qb4 d4 23. Bxb7 dxc3 {0-1 (40) Zhigalko,A (2578)-Stupak,K (2565) Minsk 2018}) 13. Bxd6 Qxd6 14. dxc5 Nxc5 15. Nd4 a6 16. Nf5 Qe6 17. Nxd5 Nxd5 18. Bxd5 Bxd5 19. Rxd5 Rfe8 20. Ne3 Rac8 21. Rad1 Ne4 22. Qd3 Qf6 23. Ng4 Qxb2 24. Qxa6 h6 25. Ne3 Nc3 26. R5d2 Nxd1 27. Rxb2 Nxb2 28. Qxb6 Nc4 29. Nxc4 Rxc4 30. Qb5 Rc1+ 31. Kg2 Ra8 32. g4 Ra1 33. g5 hxg5 34. Qxg5 R1xa2 35. e3 R8a5 36. Qd8+ Kh7 37. Qh4+ Kg6 38. Qe4+ Kh6 39. Qh4+ Rh5 40. Qf4+ Rg5+ 41. Kf3 Kg6 42. Qe4+ Rf5+ 43. Kg4 $17 (43. Kg3 $11) 43... Raxf2 44. h4 Rf1 1/2-1/2

[Event "WYCC 2018 G18"]
[Site "Halkidiki"]
[Date "2018.10.21"]
[Round "2"]
[White "Koehler, Inken"]
[Black "Cibikova, Sofia Anna"]
[Result "1/2-1/2"]
[ECO "B40"]
[WhiteElo "1934"]
[BlackElo "1809"]
[Annotator "NA"]
[PlyCount "63"]
[EventDate "2018.10.20"]
[EventType "swiss"]
[EventCountry "GRE"]
[SourceTitle "playchess.com"]
[Source "ChessBase"]
[SourceQuality "1"]
[TimeControl "40/5400+30:1800+30"]

1. e4 c5 2. Nf3 e6 3. d4 cxd4 4. Nxd4 Nf6 5. Nc3 Nc6 6. Ndb5 Bb4 7. a3 Bxc3+ 8. Nxc3 d5 9. exd5 exd5 10. Bd3 d4 11. Ne2 Bg4 12. O-O O-O 13. f3 Bh5 14. Nf4 Bg6 $11 {[%emt 0:05:41] LiveBook: 42 Games} 15. Nxg6 hxg6 16. Bg5 Qd6 17. Re1 Rfe8 18. Qd2 a6 19. Bh4 Nd5 20. Bf2 Qc5 21. Be4 Rad8 22. Bxd5 Qxd5 23. Rxe8+ Rxe8 24. Rd1 Qc4 25. Qd3 Qxd3 26. Rxd3 Re2 27. Bxd4 Nxd4 28. Rxd4 Rxc2 29. Rb4 b5 30. a4 bxa4 31. Rxa4 Rxb2 32. Rxa6 1/2-1/2

[Event "WYCC 2018 G18"]
[Site "Halkidiki"]
[Date "2018.10.21"]
[Round "2"]
[White "Vlkova, Anezka"]
[Black "Perry, Tal"]
[Result "0-1"]
[ECO "C50"]
[WhiteElo "1925"]
[BlackElo "1702"]
[Annotator "NA"]
[PlyCount "68"]
[EventDate "2018.10.20"]
[EventType "swiss"]
[EventCountry "GRE"]
[SourceTitle "playchess.com"]
[Source "ChessBase"]
[SourceQuality "1"]
[TimeControl "40/5400+30:1800+30"]

1. e4 e5 2. Nf3 Nc6 3. Bc4 Nf6 4. d3 Bc5 5. c3 d6 6. Bg5 h6 7. Bh4 g5 8. Bg3 a6 9. Nbd2 Qe7 10. Bb3 Be6 11. Qe2 O-O-O 12. O-O-O Ba7 13. Nc4 Bxc4 14. dxc4 Rdf8 15. Ne1 Nxe4 16. Qxe4 f5 17. Qd5 f4 18. Ba4 $11 Nd8 19. f3 fxg3 20. hxg3 Bf2 21. Rh3 g4 22. Rh5 gxf3 23. gxf3 Bxg3 24. Nd3 Qf6 25. Rf1 Ne6 26. Bc2 Ng5 27. Nb4 Qf4+ 28. Kb1 e4 29. Qa5 e3 30. Bd3 Qf7 31. Nd5 Re8 32. Be2 Ne6 33. Rh3 Qf5+ 34. Ka1 Qxh3 0-1

[Event "WYCC 2018 G18"]
[Site "Halkidiki"]
[Date "2018.10.21"]
[Round "2"]
[White "Kieu, Bich Thuy"]
[Black "Salas Estrada, Ana Paola"]
[Result "1-0"]
[ECO "E45"]
[WhiteElo "1913"]
[BlackElo "1665"]
[Annotator "NA"]
[PlyCount "67"]
[EventDate "2018.10.20"]
[EventType "swiss"]
[EventCountry "GRE"]
[SourceTitle "playchess.com"]
[Source "ChessBase"]
[SourceQuality "1"]
[TimeControl "40/5400+30:1800+30"]

1. d4 Nf6 2. c4 e6 3. Nc3 Bb4 4. e3 b6 5. Nge2 Ba6 6. a3 Be7 7. Ng3 d5 8. b3 O-O 9. Be2 Nc6 10. O-O dxc4 11. Bxc4 Bxc4 12. bxc4 $15 Na5 13. Qd3 Qc8 14. Nb1 Qa6 15. Nd2 c5 16. Bb2 Rfd8 17. Qe2 Rd7 18. Rac1 Rad8 19. Rfd1 cxd4 20. exd4 Nc6 21. Nf3 Na5 22. Ne5 Rc7 23. Rc3 Nd7 24. d5 Nxe5 25. Qxe5 Qc8 26. Nh5 f6 27. Qg3 Bd6 28. Nxf6+ Kh8 29. Qh4 gxf6 30. Qxf6+ Rg7 31. Rg3 Rdg8 32. Rxg7 Qf8 33. Rf7+ Qg7 34. Rxg7 1-0

[Event "WYCC 2018 G18"]
[Site "Halkidiki"]
[Date "2018.10.21"]
[Round "2"]
[White "Tsivelekidou, Evgenia"]
[Black "Rakic, Tijana"]
[Result "1/2-1/2"]
[ECO "A56"]
[WhiteElo "1891"]
[BlackElo "1651"]
[Annotator "NA"]
[PlyCount "70"]
[EventDate "2018.10.20"]
[EventType "swiss"]
[EventCountry "GRE"]
[SourceTitle "playchess.com"]
[Source "ChessBase"]
[SourceQuality "1"]
[TimeControl "40/5400+30:1800+30"]

1. d4 Nf6 2. c4 c5 3. Nf3 b5 4. cxb5 a6 5. dxc5 Qa5+ 6. Bd2 Qxb5 7. Qc2 e6 8. b4 Nc6 (8... a5 $14) 9. a3 Qb8 10. e3 Be7 11. Nc3 O-O 12. Be2 $16 Bb7 13. O-O a5 14. Na4 axb4 15. axb4 Nd5 16. b5 Ne5 17. Nd4 Rc8 18. f4 Ng6 19. c6 dxc6 20. bxc6 Ba6 21. Bxa6 Rxa6 22. Rab1 Qa8 23. Nc3 Nxc3 24. Qxc3 Bf6 25. c7 Bxd4 26. exd4 Rc6 27. Rb8 Rxc3 28. Rxa8 R3xc7 29. Rxc8+ Rxc8 30. f5 exf5 31. Rxf5 Rd8 32. Bc3 Ne7 33. Re5 Ng6 34. Rb5 f6 35. Rb7 Nf4 1/2-1/2

[Event "WYCC 2018 G18"]
[Site "Halkidiki"]
[Date "2018.10.21"]
[Round "2"]
[White "Dong, Khanh Linh"]
[Black "Ramirez Toledo, Ayleen Maribel"]
[Result "1-0"]
[ECO "E91"]
[WhiteElo "1879"]
[BlackElo "1545"]
[Annotator "NA"]
[PlyCount "39"]
[EventDate "2018.10.20"]
[EventType "swiss"]
[EventCountry "GRE"]
[SourceTitle "playchess.com"]
[Source "ChessBase"]
[SourceQuality "1"]
[TimeControl "40/5400+30:1800+30"]

1. d4 Nf6 2. Nf3 g6 3. c4 Bg7 4. Nc3 d6 5. e4 O-O 6. Be2 Nbd7 7. O-O e5 8. dxe5 Nxe5 9. Nxe5 dxe5 10. Qxd8 Rxd8 11. Bg5 c6 12. f4 Re8 $16 {[%emt 0:02:12] [#]} (12... h6 $11 {remains equal.} 13. fxe5 hxg5 14. exf6 Bf8) 13. f5 $1 gxf5 14. exf5 a5 15. Rad1 a4 16. Rd6 Nd7 17. Ne4 Rb8 18. Rf3 b5 19. Rg3 Kh8 20. Bh5 1-0